 Dungeon Crawl Stone Soup version 0.29.1-2-gbd0b4ee654 (webtiles) character file.

Game seed: 2009388232532269430

263 funnyparkerb the Skirmisher (level 6, -1/37 HPs)
             Began as a Kobold Hunter on Nov 18, 2022.
             Slain by a gnoll
             ... wielding a +0 spear
              (4 damage)
             ... on level 4 of the Dungeon.
             The game lasted 00:03:44 (3493 turns).

funnyparkerb the Skirmisher (Kobold Hunter)         Turns: 3493, Time: 00:03:44

Health: -1/37      AC:  3    Str:  7 (8)  XL:     6   Next: 42%
Magic:  6/6        EV: 15    Int:  9 (11) God:
Gold:   145        SH:  0    Dex: 19 (20) Spells: 5/5 levels left

rFire   + . .      SeeInvis .   a - +0 shortbow (venom)
rCold   . . .      Faith    .   (shield currently unavailable)
rNeg    . . .      Spirit   .   c - +0 leather armour
rPois   .          Reflect  .   (no helmet)
rElec   .          Harm     .   (no cloak)
rCorr   .          Rampage  .   (no gloves)
Will    .....                   (no boots)
Stlth   +++.......              (no amulet)
HPRegen 0.12/turn               m - ring of protection from fire
MPRegen 0.10/turn               (no ring)

@: no status effects
A: small, no large weapons, nightstalker 3
a: no special abilities


You were on level 4 of the Dungeon.
You visited 1 branch of the dungeon, and saw 4 of its levels.

You collected 145 gold pieces.

Inventory:

Hand Weapons
 a - a +0 shortbow of venom (weapon)
Armour
 c - a +0 leather armour (worn)
Jewellery
 e - a ring of wizardry
 m - a ring of protection from fire (left hand)
Scrolls
 b - a scroll of immolation
 d - a scroll of teleportation {unknown}
 f - a scroll of identify {unknown}
 i - a scroll of vulnerability {unknown}
 n - 2 scrolls of brand weapon
 p - a scroll of noise {unknown}
 q - 2 scrolls of magic mapping {unknown}
 s - 2 scrolls of enchant weapon {unknown}
Potions
 g - a potion of degeneration
 h - a potion of berserk rage {unknown}
 j - a potion of magic
 k - 2 potions of cancellation
 l - a potion of resistance {unknown}
 o - a potion of haste {unknown}
 t - a potion of brilliance {unknown}


   Skills:
 + Level 3.3 Fighting
 + Level 8.5 Ranged Weapons
 + Level 3.6 Dodging
 - Level 1.3 Stealth


You had 5 spell levels left.
You didn't know any spells.
Your spell library was empty.

Dungeon Overview and Level Annotations

Branches:
Dungeon (4/15)
 Temple: D:4-7

Altars:
Ashenzari
Trog


Innate Abilities, Weirdness & Mutations

You are small and have problems with some larger weapons.
You are completely attuned to the shadows.


Message History

You feel better. The adder bites you.
The gnoll hits you from afar with a +0 spear.
* * * LOW HITPOINT WARNING * * *
As you read the scroll labelled ZARUOT RUEXU, it crumbles to dust.
It is a scroll of brand weapon.
Your +0 shortbow drips with poison.
a - a +0 shortbow of venom (weapon)
The adder barely misses you. The gnoll misses you.
The adder bites you but does no damage.
Okay, then.
Fire: a) +0 shortbow (venom)
Press: ? - help, Q - select action Shift-Dir - straight line, f/p - adder
Aim: an adder (51% to hit)
You shoot an arrow. The arrow closely misses the adder.
The arrow hits the gnoll!
The gnoll is almost dead.
The gnoll barely misses you. The adder bites you.
* * * LOW HITPOINT WARNING * * *
You feel better.
The gnoll hits you from afar with a +0 spear.
* * * LOW HITPOINT WARNING * * *
The adder bites you but does no damage.
Fire: a) +0 shortbow (venom)
Press: ? - help, Q - select action Shift-Dir - straight line, f/p - adder
Aim: an adder (51% to hit)
You shoot an arrow. The arrow hits the adder!
The adder is poisoned.
The adder is severely wounded.
The adder closely misses you.
The gnoll hits you from afar with a +0 spear.
* * * LOW HITPOINT WARNING * * *
The adder bites you but does no damage.
Fire: a) +0 shortbow (venom)
Press: ? - help, Q - select action Shift-Dir - straight line, f/p - adder
Aim: an adder (severely wounded, very poisoned, 51% to hit)
You shoot an arrow. The arrow hits the adder!
You kill the adder!
The gnoll hits you from afar with a +0 spear.
* * * LOW HITPOINT WARNING * * *
The gnoll hits you from afar with a +0 spear.
You die...

....... ..... .). #.# .
###.###. .#.o#..g....
#####
....#.#.########...#####
..[...#@## #............
....##...# #.##..^.##.##
.>.......###.#........##
....##..............####
...# ##.............####
... #.................
.> #............#####
#...#.#.#...######
###...#.#.#..##.....


You could see a gnoll.

Vanquished Creatures
  An orc priest (D:3)
  Jessica (D:2)
  2 orc wizards (D:3)
  3 gnolls
  5 adders
  A worm (D:3)
  2 dart slugs
  11 orcs
  5 bats
  4 endoplasms
  2 giant cockroaches
  11 goblins
  2 hobgoblins (D:2)
  A quokka (D:2)
  8 ball pythons
  5 frilled lizards
  8 kobolds
  9 rats
81 creatures vanquished.

Notes
Turn   | Place    | Note
-------+----------+-------------------------------------------
     0 | D:1      | funnyparkerb the Kobold Hunter began the quest for the Orb.
     0 | D:1      | Reached XP level 1. HP: 12/12 MP: 1/1
    86 | D:1      | Found a faded altar of an unknown god.
   272 | D:1      | Reached XP level 2. HP: 17/17 MP: 2/2
   293 | D:1      | Reached skill level 6 in Ranged Weapons
   302 | D:1      | Reached XP level 3. HP: 20/21 MP: 3/3
   971 | D:2      | Reached skill level 7 in Ranged Weapons
  1025 | D:2      | Reached XP level 4. HP: 26/26 MP: 4/4
  1128 | D:2      | Noticed Jessica
  1131 | D:2      | Killed Jessica
  1438 | D:2      | Reached skill level 8 in Ranged Weapons
  1438 | D:2      | Reached XP level 5. HP: 30/30 MP: 5/5
  1957 | D:3      | Found a broken altar of Ashenzari.
  2443 | D:3      | Noticed a moth of wrath
  2446 | D:3      | Found a bloodstained altar of Trog.
  2558 | D:3      | Identified the +4 long sword "Vyifimeu" {flame, rCorr}
  3050 | D:4      | Reached XP level 6. HP: 36/36 MP: 6/6
  3075 | D:3      | HP: 1/36 [orc priest/nerve-wracking pain (8)]
  3493 | D:4      | Slain by a gnoll

Illustrated notes

Levels and vault maps discovered:
D:1:      lemuel_arrival_hallway, layout_loops_ring,
          shapermc_ecumenical_altar_venn, minmay_misc_feat_plants,
          dk_noncrumbling_4
D:2:      layout_basic, uniq_jessica
D:3:      layout_basic, tgw_trog, cheibrodos_ashenzari_chains
D:4:      layout_loops_cross, zin_academy, kennysheep_little_box, uniq_natasha

Skill      XL: |  1  2  3  4  5  6 |
---------------+-------------------+-----
Ranged Weapons | 6 7 8 |  8.5
Dodging        | 3 |  3.6
Fighting       | 3 |  3.3
Stealth        | |  1.3

Action                   |  1- 3 |  4- 6 || total
-------------------------+-------+-------++-------
 Fire: Shortbow          |    52 |   135 ||   187
  Use: Potion            |       |     6 ||     6
       Scroll            |       |     1 ||     1
Armor: Leather armour    |     2 |    18 ||    20
Dodge: Dodged            |     3 |    71 ||    74
